 Dungeon Crawl Stone Soup version 0.22-b1-21-g5cfc168 (webtiles) character file.

18 letownia2 the Insei (level 2, 0/21 HPs)
             Began as a Demonspawn Transmuter on Aug 5, 2018.
             Killed from afar by an orc wizard (3 damage)
             ... with a magic dart
             ... on level 2 of the Dungeon.
             The game lasted 00:02:12 (411 turns).

letownia2 the Insei (Demonspawn Transmuter)          Turns: 411, Time: 00:02:13

Health: 0/21       AC:  4    Str: 10    XL:     2   Next: 51%
Magic:  0/5        EV: 12    Int: 14    God:
Gold:   44         SH:  0    Dex: 13    Spells: 2/5 levels left

rFire    . . .     SeeInvis .     - Unarmed
rCold    . . .     Gourm    .   (no shield)
rNeg     . . .     Faith    .   b - +0 robe
rPois    .         Spirit   .   f - +0 helmet
rElec    .         Reflect  .   (no cloak)
rCorr    .         Harm     .   (no gloves)
MR       .....                  (boots currently unavailable)
Stlth    +.........             (no amulet)
HPRegen  0.07/turn              (no ring)
MPRegen  0.09/turn              (no ring)

@: appendage (expiring)
A: talons 3, rugged brown scales 1
a: End Transformation


You were on level 2 of the Dungeon.
You were not hungry.
You had grown temporary talons.
You visited 1 branch of the dungeon, and saw 2 of its levels.

You collected 44 gold pieces.

Inventory:

Hand Weapons
 c - a +0 hunting sling
 g - a +0 hunting sling
Missiles
 a - 20 arrows
Armour
 b - a +0 robe (worn)
 e - a +0 chain mail
 f - a +0 helmet (worn)
Scrolls
 h - a scroll of identify {unknown}
 k - a scroll of remove curse {unknown}
Potions
 i - a potion of heal wounds {unknown}
 j - a potion of haste {unknown}
Comestibles
 d - 3 rations


   Skills:
 - Level 1.0 Fighting
 - Level 1.7 Dodging
 + Level 3.5 Unarmed Combat
 - Level 2.0 Spellcasting
 - Level 1.7 Transmutations


You had 2 spell levels left.
You knew the following spells:

 Your Spells              Type           Power        Failure   Level  Hunger
a - Beastly Appendage     Tmut           #.....       12%         1    ##.....
l - Sticks to Snakes      Tmut           #.......     17%         2    ###....

Your spell library contained the following spells:

 Spells                   Type           Power        Failure   Level  Hunger
 Spider Form              Tmut/Pois      #.........   45%         3    ####...
 Blade Hands              Tmut           #.........   97%         5    ######.
 Ice Form                 Ice/Tmut       #.......     86%         4    #####..


Dungeon Overview and Level Annotations

Branches:
Dungeon (2/15)

Altars:


Innate Abilities, Weirdness & Mutations

You are partially covered in rugged brown scales. (AC +1, +3% HP)
You have claws for feet.


Message History

Your ball python dies!
Unknown command.
Casting: Sticks to Snakes (safe; 17% risk of failure)
Confirm with . or Enter, or press ? or * to list all spells.
Your feet morph into talons.
The orc wizard casts a spell at you. The magic dart hits you!
Your transformation is almost over.
The orc wizard gestures at you while chanting.
The magic dart hits you!
* * * LOW HITPOINT WARNING * * *
Unknown command.
The orc wizard hits you but does no damage.
Unknown command.
You hit the orc wizard.
The orc wizard is moderately wounded.
The orc wizard hits you but does no damage.
The orc wizard casts a spell at you. The magic dart hits you!
You die...

#.# #.# #.# #.#
#.#####.# #....##.######
#.##.##.l....# ..
#.##.##.#....[.ol ...#
#....)l.#.##.###.
....####..#.####.# #
.........#.@#.####.#
#.........#..o.†....#
+.........##.#.####.#...
#..........#.#..........
....%...................
.........#.#......######
.........#.####.#.#
#..........#.#.#
#..#'#######.#.#


You could see an orc wizard.

Vanquished Creatures
  2 dart slugs
  2 orcs
  A giant cockroach (D:2)
  A goblin (D:2)
  2 hobgoblins (D:1)
  A bat (D:1)
  A frilled lizard (D:1)
  A kobold (D:1)
  2 rats
13 creatures vanquished.

Notes
Turn   | Place    | Note
-------+----------+-------------------------------------------
     0 | D:1      | letownia2 the Demonspawn Transmuter began the quest for the Orb.
     0 | D:1      | Reached XP level 1. HP: 15/15 MP: 3/3
    61 | D:1      | Reached skill level 3 in Unarmed Combat
   143 | D:1      | Gained mutation: You are partially covered in rugged brown scales. (AC +1, +3% HP) [demonic ancestry]
   143 | D:1      | Reached XP level 2. HP: 12/21 MP: 3/5
   373 | D:2      | Learned a level 2 spell: Sticks to Snakes
   411 | D:2      | Killed from afar by an orc wizard

Skill      XL: |  1 |
---------------+----+-----
Unarmed Combat | 3 |  3.5
Fighting       | |  1.0
Dodging        | |  1.7
Spellcasting   | |  2.0
Transmutations | |  1.7

Action                   || total
-------------------------++-------
Melee: Unarmed           ||    54
       Headbutt          ||     4
       Kick              ||     3
 Cast: Beastly Appendage ||    10
       Sticks to Snakes  ||     2
 Stab: Sleeping          ||     1
Armor: Robe              ||     8
Dodge: Dodged            ||    29
